 Dungeon Crawl Stone Soup version 0.22.0-38-g04b72b8 (webtiles) character file.

242 Lew the Skirmisher (level 6, -10/39 HPs)
             Began as a Gargoyle Fighter on Aug 30, 2018.
             Mangled by an ogre
             ... wielding a +0 giant club
              (13 damage)
             ... on level 4 of the Dungeon.
             The game lasted 00:05:23 (1156 turns).

Lew the Skirmisher (Gargoyle Fighter)               Turns: 1156, Time: 00:05:24

Health: -10/39     AC: 11    Str: 21    XL:     6   Next: 9%
Magic:  6/6        EV:  8    Int:  9    God:
Gold:   35         SH: 11    Dex: 11    Spells: 5/5 levels left

rFire    + . .     SeeInvis .   a - +0 war axe
rCold    . . .     Gourm    .   c - +2 shield
rNeg     + . .     Faith    .   b - +0 scale mail
rPois    ∞         Spirit   .   (no helmet)
rElec    +         Reflect  .   (no cloak)
rCorr    .         Harm     .   (no gloves)
MR       .....                  (no boots)
Stlth    +.........             i - amulet of regeneration
HPRegen  0.53/turn              k - +2 ring of strength
MPRegen  0.10/turn              m - ring of protection from fire

@: no status effects
A: negative energy resistance 1, electricity resistance, unbreathing,
petrification resistance, rot immunity, AC +4
a: no special abilities


You were on level 4 of the Dungeon.
You were very hungry.

You visited 1 branch of the dungeon, and saw 4 of its levels.
You also visited: Ossuary.

You collected 35 gold pieces.

Inventory:

Hand Weapons
 a - a +0 war axe (weapon)
Armour
 b - a +0 scale mail (worn)
 c - a +2 shield (worn)
Jewellery
 i - an amulet of regeneration (around neck)
 k - a +2 ring of strength (left hand)
 m - a ring of protection from fire (right hand)
Scrolls
 e - a scroll of identify
 g - a scroll of fog {unknown}
 n - a scroll of teleportation
Potions
 d - a potion of might
 h - 3 potions of lignification
 j - a potion of agility {unknown}
 l - 3 potions of curing
 p - a potion of flight
 r - a potion of brilliance
Comestibles
 f - 3 rations


   Skills:
 + Level 4.6 Fighting
 + Level 3.1 Axes
 - Level 3.2 Armour
 + Level 2.1 Dodging
 + Level 3.1 Stealth
 - Level 3.2 Shields


You had 5 spell levels left.
You didn't know any spells.
Your spell library was empty.

Dungeon Overview and Level Annotations

Branches:
Dungeon (4/15)             Temple (0/1) D:4

Altars:
Makhleb
Zin


Innate Abilities, Weirdness & Mutations

You are resistant to torment.
Your stone body is resilient. (AC +4)
You are immune to poison.
You resist negative energy. (rN+)
You are resistant to electric shocks. (rElec)
You can survive without breathing.
You are immune to petrification.
You are immune to rotting.


Message History

Ouch! That really hurt!
You are too injured to fight recklessly!
You are too injured to fight recklessly!
You hit the ogre.
The ogre is severely wounded.
You block the ogre's attack.
You closely miss the ogre.
The ogre is severely wounded.
The ogre hits you with a giant club.
Your shield and scale mail prevent you from hitting the ogre.
The ogre is severely wounded.
You block the ogre's attack.
You hit the ogre.
The ogre is severely wounded.
The ogre hits you with a giant club!
* * * LOW HITPOINT WARNING * * *
You hit the ogre.
The ogre is almost dead.
The ogre hits you with a giant club!
You die...

##### **,*** ***,*** #.#
**,*,** *,,,,,* #.#
**********,***,** *,,,.,* #.#
*,8,,8,8*,** *#,* *,,..,* #.#
*8_,,,_,**,*##.** #....<* #.#
*,,,,,..#####.######....,* #..
*8,,,,.....8#...#......#** ###
*,_,,,_.....O.#.#.####.####
*8,,,,,,,,,8#@.......#....#
*,,,,,,,****###.#.##.#....####
*8_,,,_,**,,,...#.##.#........
*,8,,8,8****#####............#
********* ####.........#
#.........# ####...#### #...#
#...#


You could see an ogre.

Vanquished Creatures
  Menkaure (Ossuary)
  An iron imp (D:4)
  3 mummies (Ossuary)
  2 adders (D:3)
  An adder skeleton (D:4)
  2 leopard geckos
  5 orcs
  A gnoll skeleton (Ossuary)
  A hobgoblin (D:3)
  5 bats
  A frilled lizard (D:1)
  A gnoll zombie (Ossuary)
  6 goblin skeletons (Ossuary)
  2 goblin zombies (Ossuary)
  4 hobgoblin skeletons (Ossuary)
  5 hobgoblin zombies (Ossuary)
  4 kobolds
  2 kobold skeletons (Ossuary)
  2 kobold zombies (Ossuary)
  An orc skeleton (Ossuary)
  3 rats
  4 rat skeletons (Ossuary)
  3 rat zombies (Ossuary)
60 creatures vanquished.

Vanquished Creatures (others)
  4 gnoll zombies (Ossuary)
  2 gnoll skeletons (Ossuary)
  2 goblin skeletons (Ossuary)
  2 goblin zombies (Ossuary)
  A hobgoblin skeleton (Ossuary)
  2 hobgoblin zombies (Ossuary)
  A kobold zombie (Ossuary)
  An orc skeleton (Ossuary)
  An orc zombie (Ossuary)
  A rat skeleton (Ossuary)
  2 rat zombies (Ossuary)
19 creatures vanquished.

Grand Total: 79 creatures vanquished

Notes
Turn   | Place    | Note
-------+----------+-------------------------------------------
     0 | D:1      | Lew the Gargoyle Fighter began the quest for the Orb.
     0 | D:1      | Reached XP level 1. HP: 14/14 MP: 1/1
   282 | D:1      | You fall through a shaft!
   360 | D:2      | Reached XP level 2. HP: 17/19 MP: 2/2
   478 | D:3      | Reached skill level 1 in Stealth
   525 | D:3      | Reached XP level 3. HP: 24/24 MP: 3/3
   560 | D:3      | Reached skill level 1 in Dodging
   591 | D:4      | Noticed an ogre
   599 | D:4      | Found a sand-covered staircase.
   604 | Ossuary  | Entered an ossuary
   750 | Ossuary  | Reached XP level 4. HP: 29/29 MP: 4/4
   845 | Ossuary  | Reached skill level 4 in Fighting
   864 | Ossuary  | Noticed Menkaure
   905 | Ossuary  | Killed Menkaure
   905 | Ossuary  | Reached XP level 5. HP: 31/34 MP: 5/5
  1008 | D:4      | Found a burning altar of Makhleb.
  1020 | D:4      | Reached XP level 6. HP: 39/39 MP: 6/6
  1148 | D:4      | Found a glowing silver altar of Zin.
  1156 | D:4      | Mangled by an ogre

Skill      XL: |  1  2  3  4  5 |
---------------+----------------+-----
Axes           | 2 3 |  3.1
Stealth        | 1 2 3 |  3.1
Dodging        | 1 2 |  2.1
Fighting       | 4 |  4.6
Armour         | |  3.2
Shields        | |  3.2

Action                   |  1- 3 |  4- 6 || total
-------------------------+-------+-------++-------
Melee: War axe           |   137 |    47 ||   184
  Use: Scroll            |     4 |     8 ||    12
       Potion            |     1 |       ||     1
Armor: Ring mail         |    54 |     5 ||    59
       Scale mail        |     5 |     7 ||    12
Dodge: Dodged            |    48 |    11 ||    59
Block: Shield            |    94 |    13 ||   107
